 Dungeon Crawl Stone Soup version 0.31-a0-325-g067879e3d3 (webtiles) character file.

Game seed: 3967409435041753111

207 lunkers the Ruffian (level 6, -2/48 HPs)
             Began as a Meteoran Shapeshifter on July 18, 2023.
             Slain by a phantom (3 damage)
             ... on level 4 of the Dungeon.
             The game lasted 00:04:13 (876 turns).

lunkers the Ruffian (Meteoran Shapeshifter)          Turns: 876, Time: 00:04:13

Health: -2/48      AC:  9    Str: 17    XL:     6   Next: 33%
Magic:  7/7        EV: 12    Int: 10    God:
Gold:   64         SH:  0    Dex: 22    Spells: 5/5 levels left

rFire   . .          .
                       - Unarmed
rCold   . . .        (no shield)
rNeg    . . .        e - +0 ring mail
rPois   .            (helmet currently unavailable)
rElec   .            (cloak currently unavailable)
rCorr   .            (gloves currently unavailable)
SInv    .            (boots currently unavailable)
Will    .....        (no amulet)
Stlth   +            f - +4 ring of protection
HPRegen 0.28/turn    g - +6 ring of dexterity
MPRegen 0.10/turn

%: no passive effects
@: beast-form, glowing
A: beast (slay +2), sense surroundings 1, otherworldly, glowing, explore regen
a: Begin Untransformation


You were on level 4 of the Dungeon.
You were a hulking beast.
You visited 1 branch of the dungeon, and saw 4 of its levels.

You collected 64 gold pieces.

Inventory:

Armour
 a - a +0 animal skin
 b - a +0 helmet
 e - a +0 ring mail (worn)
Jewellery
 f - a +4 ring of protection (left hand)
 g - a +6 ring of dexterity (right hand)
Talismans
 c - a beast talisman
Scrolls
 h - a scroll of blinking {unknown}
 i - a scroll of enchant armour {unknown}
 k - a scroll of brand weapon {unknown}
Potions
 d - 5 potions of heal wounds {unknown}
 j - a potion of experience {unknown}


   Skills:
 - Level 2.1 Fighting
 - Level 2.4 Dodging
 + Level 7.1 Unarmed Combat
 - Level 3.6 Shapeshifting


You had 5 spell levels left.
You didn't know any spells.
Your spell library contained the following spells:

 Spells                   Type           Power      Damage    Failure   Level
 Magic Dart               Conj           0%         1d3       56%         1
 Blink                    Tloc           0%         N/A       71%         2
 Call Imp                 Summ           0%         N/A       71%         2
 Mephitic Cloud           Conj/Pois/Air  0%         N/A       91%         3
 Manifold Assault         Tloc           0%         N/A       100%        4


Dungeon Overview and Level Annotations

Branches:
Dungeon (4/15) Zot: 1536
 Temple: D:4-7

Altars:
Cheibriados
Wu Jian


Innate Abilities, Weirdness & Mutations

You are a hulking beast.
Your limbs bulge with bestial killing power. (Slay +2)
You passively map a small area around you.
You are easily found by Zot.
You glow in the dark.
You regain HP and MP as you explore.


Message History

* * * LOW HITPOINT WARNING * * *
You hit the ogre.
The ogre is heavily wounded.
The ogre hits you with a +0 giant spiked club.
* * * LOW HITPOINT WARNING * * *
You hit the ogre.
The ogre is heavily wounded.
The endoplasm jiggles.
Unknown command.
You punch the ogre!
The ogre is almost dead.
The ogre hits you with a +0 giant spiked club!
* * * LOW HITPOINT WARNING * * *
You hit the ogre.
The ogre is almost dead.
You punch the ogre!
You kill the ogre!
Your Unarmed Combat skill increases to level 7!
You have reached level 6!
You feel stronger.
You punch the goblin!
You kill the goblin!
You hit the adder.
The adder is heavily wounded.
The adder barely misses you.
You punch the adder!
You kill the adder!
Unknown command.
You hit the phantom.
The phantom is lightly damaged.
The phantom hits you.
* * * LOW HITPOINT WARNING * * *
You hit the phantom.
The phantom is moderately damaged.
The phantom barely misses you.
Unknown command.
You hit the phantom.
The phantom is heavily damaged.
The phantom hits you.
You die...

...?##.=.$$#.#
.#...S+#'..!##.#
,.##SJ##.#####.##
, ,
.#+###'#....##
,...##.##.### *
#.#.JJo.#
#.##.##.# *
####..###gS# ,
.......hW{##
###########


You could see a phantom, a jelly, an orc priest, 2 adders, 2 endoplasms, a
goblin and a ball python.

Vanquished Creatures
  An ogre (D:4)
  Robin (D:3)
  5 adders
  2 dart slugs
  4 ball pythons
  7 bats
  5 endoplasms
  3 giant cockroaches
  14 goblins
  7 hobgoblins
  A quokka (D:1)
  2 frilled lizards
  2 kobolds (D:1)
  5 rats
59 creatures vanquished.

Notes
Turn   | Place    | Note
-------+----------+-------------------------------------------
     0 | D:1      | lunkers the Meteoran Shapeshifter began the quest for the
                  | Orb.
     0 | D:1      | Reached XP level 1. HP: 17/17 MP: 2/2
    40 | D:1      | Reached skill level 3 in Unarmed Combat
    40 | D:1      | Reached XP level 2. HP: 20/24 MP: 3/3
   260 | D:2      | Reached XP level 3. HP: 28/29 MP: 4/4
   267 | D:2      | Reached skill level 4 in Unarmed Combat
   373 | D:3      | Reached XP level 4. HP: 36/36 MP: 5/5
   443 | D:3      | Noticed Robin
   476 | D:3      | Killed Robin
   477 | D:3      | Reached skill level 5 in Unarmed Combat
   552 | D:3      | Found a snail-covered altar of Cheibriados.
   702 | D:4      | Reached XP level 5. HP: 35/41 MP: 6/6
   745 | D:4      | Found an ornate altar of the Wu Jian Council.
   825 | D:4      | Noticed an ogre
   826 | D:4      | Noticed a phantom
   864 | D:4      | Reached skill level 6 in Unarmed Combat
   868 | D:4      | HP: 1/41 [ogre/+0 giant spiked club (14)]
   870 | D:4      | Killed an ogre
   871 | D:4      | Reached skill level 7 in Unarmed Combat
   871 | D:4      | Reached XP level 6. HP: 2/48 MP: 7/7
   874 | D:4      | HP: 1/48 [phantom (2)]
   876 | D:4      | Slain by a phantom

Illustrated notes

Levels and vault maps discovered:
D:1:      doesnt_arrival_eight_statues, layout_loops_ring
D:2:      layout_basic, shapermc_ecumenical_altar_mp_highgroup,
          minmay_diced_spiral
D:3:      layout_loops_cross, lemuel_coloured_pillars_altar, uniq_robin
D:4:      layout_loops_ring, nicolae_overflow_hidden_temple,
          chequers_serial_rivers_room_b, minmay_joined_circles

Skill      XL: |  1  2  3  4  5 |
---------------+----------------+-----
Unarmed Combat | 3 4 5 7 |  7.1
Fighting       | |  2.1
Dodging        | |  2.4
Shapeshifting  | |  3.6

Action                     |  1- 3 |  4- 6 || total
---------------------------+-------+-------++-------
  Melee: Unarmed           |    48 |    86 ||   134
         Punch             |       |     4 ||     4
    Use: Scroll            |       |     3 ||     3
         Potion            |       |     1 ||     1
 Armour: Animal skin       |     4 |       ||     4
         Ring mail         |    18 |    24 ||    42
         Skin              |       |    10 ||    10
  Dodge: Dodged            |    16 |    23 ||    39

Table legend: (Time is in decaauts)
 A = Elapsed time spent in this place.
 B = Non-inter-level travel time spent in this place.
 C = Inter-level travel time spent in this place.
 D = Time resting spent in this place.
 E = Time spent auto-exploring this place.
 F = Levels seen in this place.
 G = Mean time per level.
                   A        B        C        D        E       F      G
               +--------+--------+--------+--------+--------+-----+--------+
         Total |    862 |    862 |      0 |     14 |    429 |   4 |  215.5 |
       Dungeon |    862 |    862 |      0 |     14 |    429 |   4 |  215.5 |
               +--------+--------+--------+--------+--------+-----+--------+

Top non-repeatable levels by time:
     D:3: 361 daAuts
     D:4: 182 daAuts
     D:1: 181 daAuts
     D:2: 138 daAuts
